 Dungeon Crawl Stone Soup version 0.27.0-65-ge2af304b15 (webtiles) character file.

Game seed: 18189592373426091533

39 Malachi the Chopper (level 3, 0/31 HPs)
             Began as a Palentonga Monk on Aug 19, 2021.
             Slain by a gnoll (4 damage)
             ... on level 2 of the Dungeon.
             The game lasted 00:02:15 (1140 turns).

Malachi the Chopper (Palentonga Monk)               Turns: 1140, Time: 00:02:15

Health: 0/31       AC:  8    Str: 15    XL:     3   Next: 26%
Magic:  3/3        EV:  2    Int: 10    God:
Gold:   90         SH:  0    Dex: 12    Spells: 2/2 levels left

rFire    . . .     SeeInvis +   a - +0 hand axe
rCold    . . .     Faith    .   (no shield)
rNeg     . . .     Spirit   .   f - +0 plate armour
rPois    .         Reflect  .   (no helmet)
rElec    .         Harm     .   (no cloak)
rCorr    .         Rampage  .   (no gloves)
Will     .....                  (no barding)
Stlth    ..........             (no amulet)
HPRegen  0.10/turn              (no ring)
MPRegen  0.08/turn              (no ring)

@: about to teleport
A: large, rugged brown scales 3, see invisible, deformed body, roll 1, armoured
tail
a: Rolling Charge


You were on level 2 of the Dungeon.
You visited 1 branch of the dungeon, and saw 2 of its levels.

You collected 90 gold pieces.

Inventory:

Hand Weapons
 a - a +0 hand axe (weapon)
Armour
 b - a +0 robe
 f - a +0 plate armour (worn)
Scrolls
 c - 3 scrolls of vulnerability
Potions
 d - 2 potions of heal wounds {unknown}


   Skills:
 + Level 3.4 Fighting
 + Level 3.5 Axes
 + Level 2.8 Dodging
 + Level 1.4 Stealth


You had 2 spell levels left.
You didn't know any spells.
Your spell library was empty.

Dungeon Overview and Level Annotations

Branches:
Dungeon (2/15)

Altars:

Shops:
D:1 [[(?


Innate Abilities, Weirdness & Mutations

You are completely covered in rugged brown scales. (AC +3, +7% HP)
You have supernaturally acute eyesight. (SInv)
Armour fits poorly on your strangely shaped body.
You can roll at nearby foes to attack.
You have a long armoured tail.


Message History

There is an entrance to Ileg's Weapon Boutique here.
There is a stone staircase leading down here.
You climb downwards.
There is a stone staircase leading up here.
You start waiting.
You feel your willpower return.
You start waiting.
Done waiting.
Found a stone staircase leading down.
Found a stone staircase leading up.
d - 2 glowing yellow potions (gained 1)
There is a stone staircase leading up here.
A worm comes into view.
A worm is nearby!
A ball python comes into view.
The ball python hisses angrily.
A gnoll comes into view. It is wielding a +0 flail.
The worm bites you.
You completely miss the worm. You tail-slap the worm!
The worm is heavily wounded.
You hit the worm.
Your tail-slap misses the worm.
The worm is severely wounded.
The worm bites you!
You closely miss the gnoll. The gnoll hits you with a +0 flail.
You hit the gnoll.
The gnoll is moderately wounded.
The gnoll hits you with a +0 flail.
You are too injured to fight recklessly!
You hit the gnoll. You tail-slap the gnoll.
The gnoll is severely wounded.
The gnoll hits you with a +0 flail.
* * * LOW HITPOINT WARNING * * *
You barely miss the worm. You tail-slap the worm.
The worm is moderately wounded.
You barely miss the gnoll. The gnoll hits you with a +0 flail.
* * * LOW HITPOINT WARNING * * *
Unknown command.
As you read the scroll of teleportation, it crumbles to dust.
You feel strangely unstable. The gnoll hits you with a +0 flail.
You die...

#.# #.# ... #.# #.#
#######.#### #.#
#..........# #.#
#.#####.##S### #.# #.#
#...g@.# #.# #.#
#..###w# #.# #.# #>.#
#.# #.# #.#
##.###.###.#######
#.######...............#
#..........#..##.#####.#
#.<...######..##.#
#.............#..#
#.....######.##.##


You could see a worm, a gnoll and a ball python.

Vanquished Creatures
  4 dart slugs (D:1)
  5 bats (D:1)
  An endoplasm (D:1)
  3 goblins (D:1)
  A hobgoblin (D:1)
  6 jackals (D:1)
  2 ball pythons (D:1)
  2 frilled lizards (D:1)
  3 kobolds (D:1)
  3 rats (D:1)
30 creatures vanquished.

Notes
Turn   | Place    | Note
-------+----------+-------------------------------------------
     0 | D:1      | Malachi the Palentonga Monk began the quest for the Orb.
     0 | D:1      | Reached XP level 1. HP: 19/19 MP: 1/1
    75 | D:1      | Reached XP level 2. HP: 25/25 MP: 2/2
   224 | D:1      | Found Beacsoel's Magic Scroll Boutique.
   241 | D:1      | Found Ileg's Weapon Boutique.
   306 | D:1      | Found Hooplup's Antique Armour Boutique.
   558 | D:1      | Found Dimusoup's Antique Armour Boutique.
   635 | D:1      | Reached XP level 3. HP: 24/31 MP: 3/3
  1140 | D:2      | Slain by a gnoll

Illustrated notes

Levels and vault maps discovered:
D:1:      lemuel_arrival_behind_the_door_large, layout_loops_ring, serial_shops,
          nicolae_square_shop, nicolae_shop_trees, shop, shop_coins
D:2:      layout_loops_ring, ebering_ecumenical_altar_box, serial_shops, shop,
          minmay_strange_pillars, uniq_natasha

Action                   || total
-------------------------++-------
Melee: Hand axe          ||   102
       Tailslap          ||    13
  Use: Scroll            ||     3
 Stab: Sleeping          ||     4
Armor: Robe              ||    23
       Plate armour      ||    56
Dodge: Dodged            ||    24
